 Dungeon Sprint DCSS version 0.32-a0-433-g08bcfe7efd (webtiles) character file.

Game seed: 15046114934832864060

317 adelrune the Shield-Bearer (level 6, -4/53 HPs)
             Began as a Formicid Fighter on Feb 22, 2024.
             Was an Initiate of Cheibriados.
             Slain by a troll (9 damage)
             ... in the Dungeon (Sprint IX: "|||||||||||||||||||||||||||||").
             The game lasted 00:01:14 (298 turns).

adelrune the Shield-Bearer (Formicid Fighter)        Turns: 298, Time: 00:01:15

Health: -4/53      AC: 17    Str: 22    XL:     6   Next: 74%
Magic:  6/6        EV:  8    Int:  8    God:    Cheibriados [......]
Gold:   0          SH:  6    Dex: 16    Spells: 5/5 levels left

rFire   . . .        a - +0 flail
rCold   . . .        c - +0 buckler
rNeg    . . .        m - +0 plate armour
rPois   .            (helmet unavailable)
rElec   .            l - +0 cloak
rCorr   .            (no gloves)
SInv    +            k - +0 pair of boots
Will    .....        (no amulet) Stlth
                     n - +2 ring of protection
HPRegen 0.28/turn    (no ring)
MPRegen 0.10/turn

%: no passive effects
@: very slow
A: permanent stasis, dig shafts and tunnels, antennae 3, four strong arms
a: Dig, Renounce Religion


You were in the Dungeon.
You worshipped Cheibriados.
Cheibriados was noncommittal.
You visited 1 branch

Inventory:

Hand Weapons
 a - a +0 flail (weapon)
Armour
 b - a +0 scale mail
 c - a +0 buckler (worn)
 k - a +0 pair of boots (worn)
 l - a +0 cloak (worn)
 m - a +0 plate armour (worn)
Jewellery
 n - a +2 ring of protection (left hand)
 o - a +3 ring of intelligence
Wands
 j - a wand of roots (10)
Scrolls
 i - 2 scrolls of amnesia
Potions
 d - a potion of might
 e - a potion of invisibility
 f - 2 potions of heal wounds
 g - 4 potions of magic
 h - 4 potions of curing


   Skills:
 + Level 6.8 Fighting
 * Level 7.9 Maces & Flails
 + Level 6.7 Armour
 + Level 4.6 Dodging
 + Level 7.9 Shields


You had 5 spell levels left.
You didn't know any spells.
Your spell library was empty.

Dungeon Overview and Level Annotations

Branches:
Dungeon (1/1)

Altars:
Cheibriados
Dithmenos
Elyvilon
Fedhas
Gozag
Hepliaklqana
Kikubaaqudgha
Makhleb
Nemelex Xobeh
Okawaru
Qazlal
Ru
Sif Muna
Trog
Uskayaw
Vehumet
Wu Jian
Xom
Yredelemnul
Zin
The Shining One
Beogh
Jiyva
Lugonu


Innate Abilities, Weirdness & Mutations

You cannot be hasted, slowed, berserked, paralysed or teleported.
You can dig through walls and to a lower floor.
You have a pair of large antennae on your head. (SInv)
Your four strong arms can wield two-handed weapons with a shield.


Message History

Cheibriados appreciates the change of pace.
You sock the troll!
The troll is moderately wounded.
The howler monkey hoots and howls with incredible vigour!
The troll bites you! The troll claws you!
The troll claws you but does no damage.
You hear a shout!
You hit the troll.
The troll is moderately wounded.
The troll completely misses you. The troll barely misses you.
You block the troll's attack.
You sock the troll!
The troll is heavily wounded.
The troll bites you but does no damage. You block the troll's attack.
The troll claws you but does no damage.
You closely miss the troll.
The troll is heavily wounded.
You block the troll's attack. The troll barely misses you.
The troll claws you but does no damage.
You hit the troll.
The troll is heavily wounded.
Your attacks no longer feel as feeble.
You block the troll's attack. The troll barely misses you. x2
You closely miss the troll.
The troll is heavily wounded.
The troll barely misses you. The troll claws you but does no damage.
The troll claws you!
You barely miss the troll.
The troll is heavily wounded.
The troll bites you.
* * * LOW HITPOINT WARNING * * *
The troll claws you.
* * * LOW HITPOINT WARNING * * *
The troll claws you.
* * * LOW HITPOINT WARNING * * *
You sock the troll!
The troll is severely wounded.
The troll bites you but does no damage. The troll claws you!
You die...
Cheibriados appreciates the motionlessness of death. { {{{{{{{{ {{{{{{{ ▓▓▓▓▓▓▓▓▓▓▓▓▓▓▓▓▓▓▓▓▓▓▓▓ ..hWgTT@.....)?.'_______ ▓▓▓▓▓▓▓▓▓▓▓▓▓▓▓▓▓▓▓▓▓▓▓▓

You could see 2 trolls, a wraith, a gnoll bouda and a howler monkey.

Vanquished Creatures
  An acid dragon (D)
  2 scorpions (D)
  A jelly (D)
  2 hounds (D)
  An endoplasm (D)
  A hobgoblin (D)
  A bat (D)
  A frilled lizard (D)
  A rat (D)
11 creatures vanquished.

Notes
Turn   | Place    | Note
-------+----------+-------------------------------------------
     0 | D        | adelrune the Formicid Fighter began the quest for the Orb.
     0 | D        | Reached XP level 1. HP: 18/18 MP: 1/1
    24 | D        | Noticed a hound
    24 | D        | Noticed a scorpion
    24 | D        | Noticed a jelly
    24 | D        | Noticed a scorpion
    24 | D        | Noticed a hound
    29 | D        | Killed a hound
    30 | D        | Reached skill level 5 in Shields
    30 | D        | Reached XP level 2. HP: 17/26 MP: 2/2
    30 | D        | Reached XP level 3. HP: 20/31 MP: 3/3
    43 | D        | Killed a scorpion
    44 | D        | Reached skill level 5 in Fighting
    44 | D        | Reached skill level 5 in Maces & Flails
    44 | D        | Reached skill level 5 in Armour
    44 | D        | Reached XP level 4. HP: 19/39 MP: 4/4
    55 | D        | Killed a scorpion
    56 | D        | Reached XP level 5. HP: 29/45 MP: 5/5
    67 | D        | Reached XP level 6. HP: 15/52 MP: 6/6
   206 | D        | Found a roughly hewn altar of Beogh.
   206 | D        | Found a snail-covered altar of Cheibriados.
   206 | D        | Found a shadowy altar of Dithmenos.
   206 | D        | Found a white marble altar of Elyvilon.
   206 | D        | Found a blossoming altar of Fedhas.
   206 | D        | Found an opulent altar of Gozag.
   207 | D        | Found a hazy altar of Hepliaklqana.
   208 | D        | Found a viscous altar of Jiyva.
   209 | D        | Found an ancient bone altar of Kikubaaqudgha.
   210 | D        | Became a worshipper of Cheibriados the Contemplative
   211 | D        | Found a corrupted altar of Lugonu.
   212 | D        | Found a burning altar of Makhleb.
   213 | D        | Found a sparkling altar of Nemelex Xobeh.
   214 | D        | Found an iron altar of Okawaru.
   215 | D        | Found a stormy altar of Qazlal.
   216 | D        | Found a sacrificial altar of Ru.
   217 | D        | Found a shimmering blue altar of Sif Muna.
   218 | D        | Found a bloodstained altar of Trog.
   219 | D        | Found a hide-covered altar of Uskayaw.
   220 | D        | Found a radiant altar of Vehumet.
   221 | D        | Found an ornate altar of the Wu Jian Council.
   222 | D        | Found a shimmering altar of Xom.
   223 | D        | Found a basalt altar of Yredelemnul.
   224 | D        | Found a glowing silver altar of Zin.
   225 | D        | Found a glowing golden altar of the Shining One.
   277 | D        | Noticed a wraith
   277 | D        | Noticed a troll
   277 | D        | Noticed a troll
   277 | D        | Noticed an acid dragon
   290 | D        | Killed an acid dragon
   298 | D        | Slain by a troll

Illustrated notes

Levels and vault maps discovered:
D:        linesprint [early_d, line_temple, items_1, d_10, items_2, lair_1,
          lair_end, items_3, orc_1, orc_end, items_4, d_15, swamp_1, shoals_1,
          snake_1, spider_1, d_20, vaults_1, items_5, swamp_end, shoals_end,
          snake_end, spider_end, vaults_end, d_27, items_6, zot_1, zot_end,
          crypt_end, forest_end, elf_end, slime_end, tomb_end, abyss_end,
          pan_hell_end]

Skill      XL: |  1  2  3  4  5 |
---------------+----------------+-----
Fighting       | 4 5 6 |  6.8
Maces & Flails | 4 5 6 7 |  7.9
Armour         | 4 5 6 |  6.7
Dodging        | 2 3 4 |  4.6
Shields        | 5 6 7 |  7.9

Action                     |  1- 3 |  4- 6 || total
---------------------------+-------+-------++-------
  Melee: Flail             |    32 |    43 ||    75
    Use: Potion            |     1 |     1 ||     2
 Armour: Scale mail        |    23 |    14 ||    37
         Plate armour      |       |    30 ||    30
  Dodge: Dodged            |    14 |    19 ||    33
  Block: Buckler           |     9 |    15 ||    24

Table legend: (Time is in decaauts)
 A = Elapsed time spent in this place.
 B = Non-inter-level travel time spent in this place.
 C = Inter-level travel time spent in this place.
 D = Time resting spent in this place.
 E = Time spent auto-exploring this place.
 F = Levels seen in this place.
 G = Mean time per level.
                   A        B        C        D        E       F      G
               +--------+--------+--------+--------+--------+-----+--------+
         Total |    320 |    320 |      0 |    133 |     24 |   1 |  320.0 |
       Dungeon |    320 |    320 |      0 |    133 |     24 |   1 |  320.0 |
               +--------+--------+--------+--------+--------+-----+--------+

Top non-repeatable levels by time:
       D: 320 daAuts
